 Dungeon Crawl Stone Soup version 0.18.1-8-gdd0e5ea (webtiles) character file.

196 cruasano the Skirmisher (level 5, -5/42 HPs)
             Began as a Demonspawn Abyssal Knight on May 29, 2016.
             Was a Priest of Lugonu.
             Killed by divine providence
             ... invoked by an orc priest
              (8 damage)
             ... on level 3 of the Dungeon.
             The game lasted 00:19:52 (3441 turns).

cruasano the Skirmisher (Demonspawn Abyssal Knight) Turns: 3441, Time: 00:19:53

Health: -5/42      AC:  6    Str: 14    XL:     5   Next: 45%
Magic:  6/6        EV: 10    Int: 13    God:    Lugonu [***...]
Gold:   97         SH:  0    Dex: 12    Spells: 0 memorised, 4 levels left

rFire  . . .     SeeInvis .     a - +1 falchion
rCold  . . .     Gourm    .     n - +0 scale mail
rNeg   . . .     Faith    .     (no shield)
rPois  .         Spirit   .     (no helmet)
rElec  .         Dismiss  .     (no cloak)
rCorr  .         Reflect  .     (no gloves)
SustAt .         Harm     .     (no boots)
MR     .....                    (no amulet)
Stlth  ..........               (no ring)
                                (no ring)

@: not resistant to hostile enchantments, extremely unstealthy
A: talons 1, powered by death 1
a: Depart the Abyss, Bend Space, Banish, Renounce Religion


You were on level 3 of the Dungeon.
You worshipped Lugonu.
Lugonu was most pleased with you.
You were not hungry.

You visited 1 branch of the dungeon, and saw 3 of its levels.
You visited the Abyss 1 time.

You collected 97 gold pieces.

Inventory:

Hand Weapons
 a - a +1 falchion (weapon)
 c - a cursed -3 hunting sling
 d - a +2 whip of holy wrath
 o - a +1 dagger of electrocution
 p - a +0 spear
 s - a +0 quarterstaff
 t - a +0 falchion
Armour
 b - a +0 leather armour
 e - a +0 robe
 g - a +0 ring mail
 k - a +0 leather armour
 n - a +0 scale mail (worn)
Potions
 f - a potion of cancellation {unknown}
 i - 2 potions of brilliance
 j - a potion of curing {unknown}
 l - a potion of agility {unknown}
 r - a potion of might {unknown}
Comestibles
 h - a beef jerky
 m - 2 bread rations
 q - a meat ration


   Skills:
 + Level 3.9 Fighting
 + Level 2.9 Long Blades
 + Level 2.9 Armour
 + Level 2.5 Dodging
 + Level 0.2 Stealth
 + Level 2.6 Invocations


You had 4 spell levels left.
You didn't know any spells.

Dungeon Overview and Level Annotations

Branches:
Dungeon (3/15)

Altars:

Annotations:
D:3 Grinder


Innate Abilities, Weirdness & Mutations

You have sharp toenails.
You regenerate a little health from kills.


Message History

Grinder says, "Just stop there for a second..."
Grinder gestures at you. Pain shoots through your body!
The giant gecko bites you.
* * * LOW HITPOINT WARNING * * *
The orc barely misses you.
An orc comes into view. It is wielding a whip of draining.
The orc shouts!
You see here a worm corpse.
The orc priest calls down the wrath of Beogh upon you.
Beogh smites you!
* * * LOW HITPOINT WARNING * * *
You hit Grinder but do no damage.
Grinder is severely wounded.
Grinder barely misses you.
You closely miss Grinder.
Grinder is severely wounded.
Grinder blinks!
The orc priest calls down the wrath of Beogh upon you.
Beogh smites you!
You die...

.......##.....##.#
.########.....##.#
......###.....##.#
......#.......##.#
......#......###†#
).....#).....# #.#
.....))(....(# #.#
.(....†).....# #.#
.......####### #@#
..(....# #5#
..(....# #o#
.......# #o#
.......# #l#
.......# #K#
#ooo.# ...ww....
#.#.#.#.#..#


You could see Grinder, a worm, an orc priest, a dart slug, 4 orcs, a giant gecko
and a kobold.

Vanquished Creatures
  Robin (D:3)
  A gnoll (D:2)
  5 adders
  2 oozes
  2 worms (D:3)
  7 dart slugs
  5 giant geckos
  3 orcs (D:3)
  2 giant cockroaches
  12 hobgoblins
  7 jackals
  3 quokkas
  A ball python (D:2)
  6 bats
  A giant newt (D:3)
  15 goblins
  10 kobolds
  7 rats
  2 fungi (D:1)
92 creatures vanquished.

Notes
Turn   | Place    | Note
--------------------------------------------------------------
     0 | Abyss:1  | cruasano the Demonspawn Abyssal Knight began the quest for the Orb.
     0 | Abyss:1  | Reached XP level 1. HP: 18/18 MP: 2/2
    43 | D:1      | Escaped the Abyss
   469 | D:1      | Reached * piety under Lugonu
   833 | D:1      | Reached skill level 1 in Dodging
   833 | D:1      | Gained mutation: You have sharp toenails. [demonic ancestry]
   833 | D:1      | Reached XP level 2. HP: 23/24 MP: 3/3
  1223 | D:1      | Gained mutation: You regenerate a little health from kills. [demonic ancestry]
  1223 | D:1      | Reached XP level 3. HP: 28/29 MP: 4/4
  1625 | D:2      | Reached ** piety under Lugonu
  2028 | D:2      | Reached XP level 4. HP: 30/37 MP: 5/5
  2764 | D:3      | Reached XP level 5. HP: 42/42 MP: 6/6
  2954 | D:3      | Noticed Robin
  2967 | D:3      | Reached *** piety under Lugonu
  2971 | D:3      | Killed Robin
  3420 | D:3      | Noticed Grinder
  3441 | D:3      | Killed from afar by an orc priest

Skill      XL: |  1  2  3  4 |
---------------+-------------+-----
Dodging        | 1 2 |  2.5
Long Blades    | 2 |  2.9
Armour         | 2 |  2.9
Fighting       | |  3.9
Stealth        | |  0.2
Invocations    | |  2.6

Action                   |  1- 3 |  4- 6 || total
-------------------------+-------+-------++-------
Melee: Falchion          |   170 |   160 ||   330
       Kick              |    21 |    27 ||    48
Invok: Depart the Abyss  |     1 |       ||     1
  Use: Scroll            |     1 |     5 ||     6
       Potion            |       |     1 ||     1
  Eat: Bread ration      |     1 |       ||     1
       Meat ration       |       |     1 ||     1
Armor: Ring mail         |    52 |    15 ||    67
       Leather armour    |     4 |       ||     4
       Scale mail        |       |    82 ||    82
Dodge: Dodged            |    92 |   153 ||   245
